 Dungeon Crawl Stone Soup version 0.19-a0-733-geeb8733 (webtiles) character file.

6363 Gottschkopf the Thaumaturge (level 10, -2/50 HPs)
             Began as a Deep Elf Conjurer on June 22, 2016.
             Was an Elder of Vehumet.
             Shot with an arrow by a centaur (8 damage)
             ... on level 9 of the Dungeon.
             The game lasted 00:35:13 (9963 turns).

Gottschkopf the Thaumaturge (Deep Elf Conjurer)     Turns: 9963, Time: 00:35:13

Health: -2/50      AC: 10    Str:  5    XL:     10   Next: 65%
Magic:  7/27       EV: 20    Int: 24    God:    Vehumet [****..]
Gold:   345        SH:  0    Dex: 15    Spells: 7 memorised, 8 levels left

rFire  + . .     SeeInvis .     p - +4 quarterstaff (chaos)
rCold  x . .     Gourm    .     a - +0 robe
rNeg   + + .     Faith    .     (shield currently unavailable)
rPois  .         Spirit   .     G - +0 helmet of Pandemonium {-Tele *Drain rN++ MR+} (curse)
rElec  .         Dismiss  .     n - +2 cloak {+Inv}
rCorr  .         Reflect  .     (no gloves)
SustAt .         Harm     .     M - +0 pair of boots
MR     ++...     NoTele   +     (no amulet)
Stlth  ++........               t - ring of fire
                                u - +3 ring of protection

@: very resistant to hostile enchantments, unstealthy
A: no striking features
a: Renounce Religion, Evoke Invisibility


You were on level 9 of the Dungeon.
You worshipped Vehumet.
Vehumet was greatly pleased with you.
You were not hungry.

You visited 2 branches of the dungeon, and saw 10 of its levels.
You also visited: Sewer.

You collected 457 gold pieces.
You spent 112 gold pieces at shops.

Inventory:

Hand Weapons
 l - a +2 dagger of venom
 p - a +4 quarterstaff of chaos (weapon)
 H - a +2 dagger of venom
Armour
 a - a +0 robe (worn)
 n - a +2 cloak of invisibility (worn)
 G - the cursed +0 helmet of Pandemonium (worn) {-Tele *Drain rN++ MR+}
   (You found it on level 7 of the Dungeon)

   It greatly protects you from negative energy.
   It affects your resistance to hostile enchantments.
   It prevents most forms of teleportation.
   It causes draining when unequipped.
   It has a curse placed upon it.
 M - a +0 pair of boots (worn)
Jewellery
 j - an uncursed ring of wizardry
 r - an uncursed ring of stealth
 t - a ring of fire (right hand)
 u - a +3 ring of protection (left hand)
 x - an uncursed ring of poison resistance
 L - an uncursed ring of wizardry
Wands
 y - a wand of disintegration (12/24)
 I - a wand of acid (12/15)
 N - a wand of confusion (28/48)
 P - a wand of lightning (9/15)
 Q - a wand of confusion (20/48)
 U - a wand of flame (26/48)
Scrolls
 g - 5 scrolls of recharging
 v - 2 scrolls of amnesia
 B - 4 scrolls of fog
 E - 2 scrolls of magic mapping
 K - a scroll of blinking
 O - 2 scrolls of remove curse
Potions
 d - 5 potions of curing
 e - 3 potions of flight
 f - a potion of cancellation {unknown}
 m - 7 potions of heal wounds
 o - 2 potions of ambrosia {unknown}
 w - a potion of magic {unknown}
 z - 4 potions of brilliance
 A - a potion of cure mutation {unknown}
 C - a potion of resistance {unknown}
 D - 2 potions of lignification {unknown}
 F - a potion of might {unknown}
 J - a potion of haste
 R - 2 potions of degeneration {unknown}
Books
 b - a book of Conjurations

   Spells                             Type                      Level
   a - Magic Dart                     Conjuration                  1
   b - Searing Ray                    Conjuration                  2
   c - Dazzling Spray                 Conjuration/Hexes            3
   d - Fulminant Prism                Conjuration/Hexes            4
   e - Iskenderun's Mystic Blast      Conjuration                  4
   f - Iskenderun's Battlesphere      Conjuration/Charms           5
 s - a book of the Warp

   Spells                             Type                      Level
   a - Recall                         Summoning/Translocation      3
   b - Gell's Gravitas                Hexes/Translocation          3
   c - Force Lance                    Conjuration/Translocation    4
   d - Warp Weapon                    Charms/Translocation         5
   e - Summon Forest                  Summoning/Translocation      5
 S - a book of Fire

   Spells                             Type                      Level
   a - Ignite Poison                  Fire/Transmutation/Poison    3
   b - Fireball                       Conjuration/Fire             5
   c - Bolt of Fire                   Conjuration/Fire             6
   d - Delayed Fireball               Conjuration/Fire             7
   e - Ring of Flames                 Charms/Fire                  7
Comestibles
 c - 8 bread rations
 h - 2 slices of pizza
 i - 4 meat rations
 k - 30 fruits
 q - 3 beef jerkies
 T - 3 chunks of flesh


   Skills:
 - Level 11.0 Dodging
 - Level 2.4 Stealth
 - Level 11.2 Spellcasting
 - Level 10.7 Conjurations
 - Level 3.5 Charms
 + Level 5.0 Fire Magic


You had 8 spell levels left.
You knew the following spells:

 Your Spells              Type           Power        Failure   Level  Hunger
a - Magic Dart            Conj           ####         1%          1    None
b - Searing Ray           Conj           ######       1%          2    None
c - Iskenderun's Mystic   Conj           ######..     1%          4    None
d - Fulminant Prism       Conj/Hex       #####.....   1%          4    None
e - Iskenderun's Battles  Conj/Chrm      #####...     2%          5    ####...
f - Fireball              Conj/Fire      ######....   1%          5    ####...
g - Delayed Fireball      Conj/Fire      N/A          63%         7    #######


Dungeon Overview and Level Annotations

Branches:
Dungeon (9/15)             Temple (1/1) D:5            Lair (0/6) D:8
    Orc: D:9-12

Altars:
Ashenzari
Cheibriados
Dithmenos
Elyvilon
Fedhas
Gozag
Hepliaklqana
Makhleb
Okawaru
Ru
Sif Muna
Trog
Vehumet
Yredelemnul

Shops:
D:4 !   D:9 (

Annotations:
D:8 4 runed doors


Message History

The centaur shoots an arrow.
The arrow hits you.
You see here 3 arrows.
The centaur shoots an arrow.
The arrow closely misses you.
You see here an arrow.
The centaur shoots an arrow.
The arrow barely misses you.
Your magical contamination has completely faded away.
You see here an arrow.
The centaur shoots an arrow.
The arrow hits you!
You see here an arrow.
The centaur shoots an arrow.
The arrow hits you but does no damage.
You see here an arrow.
The centaur shoots an arrow.
The arrow barely misses you.
The centaur shoots an arrow.
The arrow hits you!
You see here 2 arrows.
The centaur shoots an arrow.
The arrow barely misses you.
You see here an arrow.
The centaur shoots an arrow.
The arrow hits you!
* * * LOW HITPOINT WARNING * * *
The centaur shoots an arrow.
The arrow hits you!
You die...

###########.#.#.#
#.#.#.# #.#.#.# #.#.#.#
#.#.#.# #.#.#.# #.#.#.#
##################.#.#.#
#.(...c(.((..@)..#.#.#.#
#.##############.#.#[..#
#.# #.#.##### #.# #.#.#
#.# #.#.# ####(# #.#.#
((.c.# #.#.# ######
#.#.# #.#.#


You could see a centaur.

Vanquished Creatures
  Erolcha (D:8)
  Joseph (D:7)
  Psyche (D:9)
  Grum (D:8)
  Menkaure (D:7)
  A hippogriff (D:8)
  Edmund (D:6)
  2 ice beasts
  2 necrophages
  A phantom (D:8)
  4 ogres
  4 wolves (D:8)
  7 centaurs
  A big kobold (D:8)
  6 giant frogs
  2 scorpions
  6 killer bees
  8 wights
  8 electric eels (D:7)
  2 howler monkeys
  3 crimson imps
  A wasp zombie (D:5)
  2 giant frog skeletons
  2 quasits
  2 jellies
  4 hounds
  Crazy Yiuf (D:2)
  2 orc priests
  4 orc wizards
  Jessica (D:2)
  Terence (D:3)
  3 iguanas
  Natasha (twice) (D:2)
  5 worker ants
  A hound zombie (D:7)
  A hound skeleton (D:4)
  8 gnolls
  2 howler monkey skeletons
  A howler monkey zombie (D:6)
  15 adders
  An ooze (D:4)
  2 adder skeletons
  A worm (D:2)
  A dart slug (D:1)
  3 giant geckos (D:6)
  36 orcs
  5 bats
  6 giant cockroaches
  5 goblins
  8 hobgoblins
  3 jackals (Sewer)
  10 kobolds
  2 quokkas (D:8)
  5 ball pythons (Sewer)
  8 giant newts
  A jackal skeleton (D:4)
  A jackal zombie (D:8)
  A quokka zombie (D:6)
  8 rats
228 creatures vanquished.

Vanquished Creatures (others)
  2 orcs (D:4)
  A fulminant prism (D:4)
3 creatures vanquished.

Grand Total: 231 creatures vanquished

Notes
Turn   | Place    | Note
--------------------------------------------------------------
     0 | D:1      | Gottschkopf the Deep Elf Conjurer began the quest for the Orb.
     0 | D:1      | Reached XP level 1. HP: 10/10 MP: 6/6
   437 | D:1      | Reached XP level 2. HP: 15/15 MP: 5/9
   517 | D:1      | Learned a level 2 spell: Searing Ray
   969 | D:2      | Noticed Natasha
   975 | D:2      | Noticed a crimson imp
   975 | D:2      | Killed Natasha
   975 | D:2      | Reached skill level 5 in Spellcasting
   975 | D:2      | Reached XP level 3. HP: 19/19 MP: 4/12
  1145 | D:2      | Reached XP level 4. HP: 22/24 MP: 2/13
  1444 | D:2      | Noticed Natasha
  1451 | D:2      | Killed Natasha
  1701 | D:2      | Reached XP level 5. HP: 23/28 MP: 11/16
  1941 | D:2      | Noticed Crazy Yiuf
  1951 | D:2      | Killed Crazy Yiuf
  2150 | D:2      | Learned a level 4 spell: Iskenderun's Mystic Blast
  2155 | D:2      | Learned a level 4 spell: Fulminant Prism
  2161 | D:2      | Learned a level 5 spell: Iskenderun's Battlesphere
  2339 | D:2      | Noticed Jessica
  2341 | D:2      | Killed Jessica
  2341 | D:2      | Reached skill level 1 in Charms
  2546 | D:3      | Noticed Terence
  2549 | D:3      | Killed Terence
  2803 | D:3      | Reached XP level 6. HP: 32/32 MP: 12/18
  3112 | D:4      | Reached skill level 5 in Conjurations
  3726 | D:4      | Found Kuankaum's Distillery.
  3734 | D:4      | Bought a potion of heal wounds for 70 gold pieces
  3734 | D:4      | Bought a potion of curing for 42 gold pieces
  3931 | D:4      | Reached XP level 7. HP: 29/36 MP: 10/19
  4304 | D:5      | Entered Level 5 of the Dungeon
  4518 | D:5      | Found a staircase to the Ecumenical Temple.
  4529 | Temple   | Entered the Ecumenical Temple
  4558 | Temple   | Became a worshipper of Vehumet
  4755 | D:5      | Found a blossoming altar of Fedhas.
  5313 | D:6      | Noticed Edmund
  5316 | D:6      | Killed Edmund
  5316 | D:6      | Reached XP level 8. HP: 41/41 MP: 7/22
  5539 | D:6      | Reached * piety under Vehumet
  5539 | D:6      | Offered knowledge of Flame Tongue by Vehumet.
  5557 | D:6      | Reached skill level 10 in Spellcasting
  5658 | D:6      | Found a glowing drain.
  5683 | Sewer    | Entered a sewer
  6403 | D:6      | Offered knowledge of Sting by Vehumet.
  6404 | D:6      | Reached ** piety under Vehumet
  6728 | D:7      | Got a distressingly furry helmet
  6734 | D:7      | Identified the cursed +0 helmet of Pandemonium {-Tele *Drain rN++ MR+} (You found it on level 7 of the Dungeon)
  6937 | D:7      | Reached skill level 5 in Dodging
  6944 | D:7      | Reached XP level 9. HP: 35/45 MP: 15/26
  6971 | D:7      | Noticed Joseph
  7000 | D:7      | Noticed Menkaure
  7002 | D:7      | Killed Menkaure
  7380 | D:7      | Offered knowledge of Throw Flame by Vehumet.
  7630 | D:7      | Killed Joseph
  7977 | D:8      | Noticed Grum
  7977 | D:8      | Reached *** piety under Vehumet
  7977 | D:8      | Reached skill level 10 in Dodging
  7993 | D:8      | Found a huge runed gate.
  7994 | D:8      | Found a huge runed gate.
  7995 | D:8      | Found a huge runed gate.
  7995 | D:8      | Noticed a polar bear
  7996 | D:8      | Found a huge runed gate.
  7996 | D:8      | Noticed a polar bear
  7997 | D:8      | Noticed a polar bear
  7997 | D:8      | Noticed a polar bear
  7997 | D:8      | Noticed a polar bear
  8013 | D:8      | Killed Grum
  8246 | D:8      | Noticed Erolcha
  8250 | D:8      | Killed Erolcha
  8250 | D:8      | Reached XP level 10. HP: 50/50 MP: 9/27
  8508 | D:8      | Reached skill level 10 in Conjurations
  8649 | D:8      | Offered knowledge of Throw Icicle by Vehumet.
  8804 | D:8      | Learned a level 5 spell: Fireball
  8814 | D:8      | Learned a level 7 spell: Delayed Fireball
  8833 | D:8      | Reached skill level 1 in Fire Magic
  8929 | D:8      | Found a staircase to the Lair.
  9553 | D:9      | Found Veraom's Antique Weapon Emporium.
  9923 | D:9      | Noticed Psyche
  9933 | D:9      | Killed Psyche
  9933 | D:9      | Reached **** piety under Vehumet
  9933 | D:9      | Reached skill level 5 in Fire Magic
  9963 | D:9      | Shot with an arrow by a centaur

Vault maps used:
D:1:      roderic_chinese_lattice_arrival
D:2:      grunt_ministairs_4, uniq_natasha, uniq_crazy_yiuf_cottage,
          uniq_jessica
D:3:      first_bread, due_unseen_surprise, uniq_terence
D:4:      serial_curves, eino_curves_04, eino_curves_04, serial_shops, shop,
          kennysheep_cross_room
D:5:      hangedman_decor_riveting, minmay_hedge_maze, fedhas_altar_3
D:6:      portal_sewer_entry_f, minivault_22, uniq_edmund
D:7:      serial_bayou, serial_bayou_lagoon_b, serial_bayou_pond_d,
          serial_bayou_shore_b, serial_bayou_pond_a, serial_bayou_lake_a,
          uniq_joseph, uniq_menkaure
D:8:      lemuel_bear_cage, lair_0_dummy, roderic_whirl, blue_anna_alchemist,
          centaur_isle, uniq_grum, uniq_erolcha
D:9:      lemuel_round_altar, serial_shops, shop, uniq_psyche
Temple:   compressed_dpeg_circular_temple
Sewer:    sewer_co_scattered_pipes

Skill      XL: |  1  2  3  4  5  6  7  8  9 10 |
---------------+-------------------------------+-----
Spellcasting   | 4 5 7 8 11 | 11.2
Charms         | 3 |  3.5
Conjurations   | 6 8 9 10 | 10.7
Dodging        | 5 11 | 11.0
Fire Magic     | 5 |  5.0
Stealth        | |  2.4

Action                   |  1- 3 |  4- 6 |  7- 9 | 10-12 || total
-------------------------+-------+-------+-------+-------++-------
Melee: Unarmed           |    11 |       |       |       ||    11
       Dagger            |       |     2 |       |       ||     2
       Quarterstaff      |       |    11 |     6 |    14 ||    31
 Cast: Magic Dart        |    45 |   124 |   230 |    67 ||   466
       Searing Ray       |     1 |     4 |    13 |    11 ||    29
       Iskenderun's Myst |       |    11 |    19 |     9 ||    39
       Iskenderun's Batt |       |     1 |    16 |     6 ||    23
       Fulminant Prism   |       |     1 |       |       ||     1
       Fireball          |       |       |       |     2 ||     2
  Use: Scroll            |     2 |     4 |     6 |     1 ||    13
       Potion            |       |       |       |     1 ||     1
 Stab: Sleeping          |       |     1 |     1 |     1 ||     3
  Eat: Chunk             |     1 |     9 |    14 |     5 ||    29
       Meat ration       |       |       |     1 |       ||     1
Armor: Robe              |       |    18 |    27 |    36 ||    81
Dodge: Dodged            |     9 |    26 |    84 |   146 ||   265
